 Dungeon Crawl Stone Soup version 0.31-a0-995-g04711c9635 (webtiles) character file.

Game seed: 10909844204596535153

1859 gandelin the Cudgeller (level 8, -6/78 HPs)
             Began as a Troll Fighter on Nov 3, 2023.
             Was an Initiate of Makhleb.
             Killed from afar by Maggie (16 damage)
             ... with a bolt of fire
             ... on level 7 of the Dungeon on Nov 6, 2023.
             The game lasted 01:11:59 (5169 turns).

gandelin the Cudgeller (Troll Fighter)              Turns: 5169, Time: 01:11:59

Health: -6/78      AC:  8    Str: 25    XL:     8   Next: 89%
Magic:  7/7        EV: 10    Int:  4    God:    Makhleb [......]
Gold:   259        SH:  9    Dex: 11    Spells: 6/7 levels left

rFire   . . .        a - +1 flail
rCold   . . .        c - +1 kite shield
rNeg    . . .        b - +1 robe
rPois   .            W - +2 hat
rElec   .            s - +0 cloak
rCorr   .            (gloves unavailable)
SInv    .            (boots unavailable)
Will    +....        (no amulet)
Stlth   ++           (no ring)
HPRegen 1.13/turn    (no ring)
MPRegen 0.10/turn

%: no passive effects
@: enlightened, flying, mesmerised
A: large, unfitting armour, claws 3, regeneration 1, shaggy fur 1, tough skin 1
a: Renounce Religion


You were on level 7 of the Dungeon.
You worshipped Makhleb.
Makhleb was noncommittal.
You visited 2 branches of the dungeon, and saw 8 of its levels.

You collected 315 gold pieces.
You spent 56 gold pieces at shops.

Inventory:

Hand Weapons
 a - a +1 flail (weapon)
 d - a +0 giant spiked club
 h - a +0 dagger
 i - a +0 mace
 k - a +0 spear
 v - a +0 short sword
 z - a +0 whip
 J - a +0 sling
 O - a +0 hand axe
 R - a +0 falchion
 S - a +0 rapier
 T - a +0 dagger
 U - a +0 quarterstaff
 V - a +0 rapier of venom
 X - a +0 war axe
 Y - a +0 spear
 Z - a +0 short sword
Missiles
 g - 32 stones (quivered)
 A - 3 poisoned darts
 H - 3 large rocks
 P - 7 boomerangs
Armour
 b - a +1 robe (worn)
 c - a +1 kite shield (worn)
 e - a +0 ring mail
 n - a +0 ring mail
 q - a +0 robe
 s - a +0 cloak (worn)
 t - a +0 chain mail
 x - a +0 robe
 B - a +0 ring mail
 F - a +0 scale mail
 K - a +0 ring mail
 W - a +2 hat (worn)
Jewellery
 w - a ring of ice
Talismans
 C - a blade talisman
 G - a beast talisman
Wands
 L - a wand of roots (3)
Scrolls
 f - 4 scrolls of teleportation
 o - a scroll of vulnerability
 u - a scroll of summoning {unknown}
 y - 3 scrolls of amnesia
 M - 2 scrolls of noise {unknown}
 N - 4 scrolls of fog {unknown}
Potions
 j - a potion of resistance {unknown}
 l - a potion of attraction
 m - a potion of ambrosia {unknown}
 r - 2 potions of mutation
 Q - a potion of cancellation


   Skills:
 + Level 4.1 Fighting
 + Level 7.7 Maces & Flails
 + Level 0.6 Throwing
 + Level 4.7 Dodging
 + Level 1.2 Stealth
 + Level 4.7 Shields


You had 6 spell levels left.
You knew the following spells:

 Your Spells              Type           Power      Damage    Failure   Level
a - Shock                 Conj/Air       0%         1d3       75%         1

Your spell library contained the following spells:

 Spells                   Type           Power      Damage    Failure   Level
 Blink                    Tloc           0%         N/A       86%         2
 Ensorcelled Hibernation  Hex/Ice        0%         N/A       86%         2
 Jinxbite                 Hex            0%         N/A       86%         2
 Lesser Beckoning         Tloc           0%         N/A       86%         2
 Momentum Strike          Conj/Tloc      0%         3d8       86%         2
 Static Discharge         Conj/Air       0%         3-3/arc   86%         2
 Airstrike                Air            0%         2d(0-16)  100%        4
 Anguish                  Hex/Necr       0%         N/A       100%        4
 Summon Lightning Spire   Summ/Air       0%         N/A       100%        4


Dungeon Overview and Level Annotations

Branches:
Dungeon (7/15)             Temple (1/1) D:7

Altars:
Ashenzari
Cheibriados
Dithmenos
Elyvilon
Fedhas
Gozag
Hepliaklqana
Kikubaaqudgha
Makhleb
Nemelex Xobeh
Okawaru
Ru
Sif Muna
Trog
Uskayaw
Vehumet
Wu Jian
Xom
Yredelemnul
Zin

Shops:
D:6 *

Annotations:
D:4 2 transporters, Iidacon's ghost, amateur TrGl
D:7 Maggie
Temple 2 transporters


Innate Abilities, Weirdness & Mutations

You are too large for most types of armour.
You have claws for hands.
Your natural rate of healing is unusually fast.
You are covered in fur. (AC +1)
You have tough skin. (AC +1)


Message History

You block Maggie's attack.
You barely miss Maggie.
Maggie is moderately wounded.
Maggie hits you with a +2 broad axe of flaming!
Maggie burns you.
Maggie mumbles some strange words.
Maggie attempts to bespell you! You resist.
You barely miss Maggie.
Maggie is moderately wounded.
Maggie zaps a wand.
The bolt of dispelling energy misses you.
You hit Maggie but do no damage.
Maggie is moderately wounded.
Maggie zaps a wand.
The bolt of dispelling energy hits you!
You closely miss Maggie.
Maggie is moderately wounded.
You block Maggie's attack.
You hit Maggie.
Maggie is moderately wounded.
Maggie barely misses you.
You sock Maggie!
Maggie is heavily wounded.
Maggie zaps a wand.
The bolt of dispelling energy hits you!!
* * * LOW HITPOINT WARNING * * *
Maggie zaps a wand.
The bolt of dispelling energy hits you!
* * * LOW HITPOINT WARNING * * *
Maggie mumbles some strange words.
Maggie attempts to bespell you!
You are mesmerised by Maggie!
There is a staircase to the Ecumenical Temple here.
You cannot move away from Maggie!
You cannot move away from Maggie!
You cannot move away from Maggie!
It was a potion of enlightenment.
You feel very buoyant.
You fly up into the air.
Maggie gestures at you while chanting. The bolt of fire hits you!
You die...

................<........
.........................
..........#))............
..........#.)............
........#?#.#......(.....
.......@.###.............
......#...#...#..........
.......#.....#...........
....#####.@.#####........
... #.....#........... ..
#...#...#.......... .
.....###.............
.....# #.#............
..... #..............
..... .#....†.........
......................
..................


You could see Maggie (mesmerising).

Vanquished Creatures
  Duvessa (D:6)
  A black bear (D:5)
  3 ice beasts
  An ogre (D:7)
  A sky beast (D:6)
  3 phantoms
  A kobold brigand (D:6)
  3 scorpions (D:6)
  Dowan (D:6)
  An orc priest (D:7)
  4 hounds
  A gnoll bouda (D:6)
  3 sleepcaps
  5 iguanas
  4 orc wizards
  5 gnolls (D:6)
  7 adders
  A white imp (D:5)
  4 ufetubi (D:6)
  3 dart slugs
  8 orcs
  2 bats (D:2)
  5 endoplasms
  2 giant cockroaches
  4 goblins
  7 hobgoblins
  3 jackals (D:1)
  3 quokkas
  6 ball pythons
  5 frilled lizards
  6 kobolds
  6 rats
110 creatures vanquished.

Notes
Turn   | Place    | Note
-------+----------+-------------------------------------------
     0 | D:1      | gandelin the Troll Fighter began the quest for the Orb.
     0 | D:1      | Reached XP level 1. HP: 22/22 MP: 0/0
   384 | D:1      | Reached XP level 2. HP: 29/29 MP: 1/1
   396 | D:1      | Reached skill level 2 in Maces & Flails
  1497 | D:2      | Reached XP level 3. HP: 32/36 MP: 2/2
  1656 | D:2      | Found a radiant altar of Vehumet.
  1732 | D:2      | Became a worshipper of Vehumet
  2073 | D:3      | Found a broken altar of Ashenzari.
  2151 | D:3      | Found a shimmering blue altar of Sif Muna.
  2259 | D:3      | Found a bloodstained altar of Trog.
  2409 | D:4      | Reached skill level 3 in Maces & Flails
  2409 | D:4      | Reached XP level 4. HP: 18/44 MP: 3/3
  2477 | D:5      | Entered Level 5 of the Dungeon
  2484 | D:5      | Noticed an ice beast
  2524 | D:4      | Found a transporter.
  2528 | D:4      | Found a transporter.
  2529 | D:4      | Noticed Iidacon's ghost (amateur TrGl)
  2638 | D:4      | Reached XP level 5. HP: 13/52 MP: 4/4
  2965 | D:4      | Found a shadowy altar of Dithmenos.
  2965 | D:4      | Found an opulent altar of Gozag.
  3224 | D:5      | Reached skill level 4 in Maces & Flails
  3282 | D:5      | Reached * piety under Vehumet
  3282 | D:5      | Offered knowledge of Kiss of Death by Vehumet.
  3283 | D:5      | Reached XP level 6. HP: 54/61 MP: 5/5
  3425 | D:5      | Killed an ice beast
  3426 | D:5      | Reached skill level 5 in Maces & Flails
  3426 | D:5      | Reached skill level 1 in Stealth
  3426 | D:5      | Reached XP level 7. HP: 48/67 MP: 6/6
  3429 | D:5      | Upgraded the game from 0.31-a0-986-g5e6e4ef867 to
                  | 0.31-a0-995-g04711c9635
  3914 | D:6      | Found Tigoefokac's Assorted Antiques.
  3922 | D:6      | Reached skill level 6 in Maces & Flails
  3922 | D:6      | Reached XP level 8. HP: 78/78 MP: 7/7
  3924 | D:6      | Bought a scroll labelled ODO GUSESEP for 28 gold pieces
  3924 | D:6      | Bought a scroll labelled XEAJOT WORIULU for 28 gold pieces
  4090 | D:6      | Noticed Dowan
  4092 | D:6      | Noticed Duvessa
  4120 | D:6      | Killed Duvessa
  4152 | D:6      | Killed Dowan
  4291 | D:6      | Reached skill level 7 in Maces & Flails
  4430 | D:6      | Offered knowledge of Shock by Vehumet.
  4435 | D:6      | Learned a level 1 spell: Shock
  4672 | D:6      | Reached ** piety under Vehumet
  4845 | D:7      | Found a staircase to the Ecumenical Temple.
  4854 | D:7      | Noticed Maggie
  4927 | Temple   | Found a transporter.
  4927 | Temple   | Found a transporter.
  4927 | Temple   | Found a transporter.
  4927 | Temple   | Found a transporter.
  4927 | Temple   | Entered the Ecumenical Temple
  4978 | Temple   | Fell from the grace of Vehumet
  4978 | Temple   | Became a worshipper of Makhleb the Destroyer
  5169 | D:7      | Killed from afar by Maggie

Illustrated notes

Levels and vault maps discovered:
D:1:      giann_bridges, layout_basic, minivault_26, minmay_split_cup_small
D:2:      minmay_diamond_boxcup, layout_rooms, basic_altar
D:3:      layout_basic, mainiacjoe_overflow_paths,
          mainiacjoe_overflow_concentric_impassable,
          mainiacjoe_overflow_catwalk, minmay_misc_feat_tiny,
          hangedman_decor_riveting
D:4:      layout_basic, gammafunk_temple_overflow_elements,
          gammafunk_ghost_mausoleum
D:5:      layout_loops_cross
D:6:      layout_basic, serial_shops, nicolae_shop_hallway_plus, uniq_duvessa
D:7:      layout_layer_cave, minmay_temple_entry_arrows, uniq_maggie,
          uniq_prince_ribbit1, uniq_menkaure
Temple:   hellmonk_temple_divided_pantheon

Skill      XL: |  1  2  3  4  5  6  7  8 |
---------------+-------------------------+-----
Maces & Flails | 2 3 4 5 6 7 |  7.7
Shields        | 3 4 |  4.7
Fighting       | 3 4 |  4.1
Dodging        | 3 4 |  4.7
Stealth        | 1 |  1.2
Throwing       | |  0.6

Action                     |  1- 3 |  4- 6 |  7- 9 || total
---------------------------+-------+-------+-------++-------
  Melee: Flail             |   110 |    88 |   245 ||   443
  Throw: Stone             |     4 |     6 |     5 ||    15
    Use: Scroll            |     9 |       |     4 ||    13
         Potion            |     2 |     2 |     4 ||     8
   Stab: Sleeping          |     2 |     1 |       ||     3
 Armour: Robe              |    60 |   103 |   156 ||   319
         Skin              |       |       |    57 ||    57
  Dodge: Dodged            |    36 |    32 |   102 ||   170
  Block: Kite shield       |    40 |    33 |   118 ||   191
   Form: Beast             |       |     1 |       ||     1
                           |       |     1 |       ||     1

Table legend: (Time is in decaauts)
 A = Elapsed time spent in this place.
 B = Non-inter-level travel time spent in this place.
 C = Inter-level travel time spent in this place.
 D = Time resting spent in this place.
 E = Time spent auto-exploring this place.
 F = Levels seen in this place.
 G = Mean time per level.
                   A        B        C        D        E       F      G
               +--------+--------+--------+--------+--------+-----+--------+
         Total |   5292 |   5104 |    188 |     20 |      0 |   8 |  661.5 |
       Dungeon |   5121 |   4942 |    179 |     20 |      0 |   7 |  731.6 |
        Temple |    171 |    162 |      9 |      0 |      0 |   1 |  171.0 |
               +--------+--------+--------+--------+--------+-----+--------+

Top non-repeatable levels by time:
     D:1: 1230 daAuts
     D:6: 1178 daAuts
     D:4: 793 daAuts
     D:2: 627 daAuts
     D:5: 574 daAuts
     D:3: 554 daAuts
  Temple: 171 daAuts
     D:7: 161 daAuts
